[Event "Team 45 45 League T34"]
[Site "Internet Chess Club"]
[Date "2007.08.25"]
[Round "6"]
[White "SeniorCitizen"]
[Black "wekabird"]
[Result "1-0"]
[WhiteElo "1281"]
[BlackElo "1190"]
[Opening "Caro-Kann: exchange variation"]
[ECO "B13"]
[Time "04:55:20"]
[TimeControl "2700+45"]

1. e4 c6 2. d4 d5 3. exd5 cxd5 4. Nf3 e6 5. Bd3 h6 6. O-O Nf6 7. c3 Bd6 8. Be3
O-O 9. Qc1 Ng4 10. Qc2 Nxe3 11. fxe3 f5 12. Qf2 b6 13. Nbd2 Ba6 14. Bxa6 Nxa6
15. Qh4 Rf6 16. Rae1 Be7 17. Qh5 Kh7 18. Ne5 Qg8 19. Qe2 Bd6 20. Qxa6 Bxe5 21.
dxe5 Rg6 22. Qe2 Qc8 23. c4 Qc7 24. cxd5 exd5 25. Rxf5 Qc2 26. Rf2 Qxb2 27. e6
Rxe6 28. Qd3+ Kh8 29. Qxd5 Ree8 30. Qb3 Qe5 31. e4 Rec8 32. Nf3 Qa5 33. Ref1 Rc3
34. Qd5 Rac8 35. Qxa5 bxa5 36. Re2 Rc1 37. Rxc1 Rxc1+ 38. Kf2 Kg8 39. Rb2 a4 40.
Nd4 a3 41. Rc2 Rd1 42. Nb5 Rh1 43. h3 a6 44. Nxa3 Rd1 45. e5 Kf7 46. Re2 Rd3 47.
Nc4 Rd4 48. Nd6+ Ke6 49. Kf3 g5 50. Nf5 Rf4+ 51. Kg3 Rxf5 52. Kg4 Rf4+ 53. Kh5
Rh4+ 54. Kg6 g4 55. hxg4 Rxg4+ 56. Kxh6 Rh4+ 57. Kg5 Rc4 58. g4 a5 59. Kh4 a4
60. Kg3 a3 61. Kf3 Rc3+ 62. Re3 Rxe3+ 63. Kxe3 Kxe5 64. Kf3 Kf6 65. Kf4 Kg7 66.
Kf5 Kf7 67. g5 Kg8 68. Kf6 Kf8 69. g6 Kg8 70. g7 {Black resigns} 1-0

[Event "Team 45 45 League T34"]
[Site "Internet Chess Club"]
[Date "2007.08.22"]
[Round "6"]
[White "WilmaP"]
[Black "chips"]
[Result "1-0"]
[WhiteElo "1328"]
[BlackElo "1166"]
[Opening "Philidor: exchange variation"]
[ECO "C41"]
[Time "15:57:22"]
[TimeControl "2700+45"]

1. e4 e5 2. Nf3 d6 3. d4 exd4 4. Nxd4 Nf6 5. Nc3 Bg4 6. Be2 Bd7 7. O-O Nc6 8.
Bg5 Be7 9. Bc4 O-O 10. Re1 Re8 11. Bf4 Bg4 12. Nf3 Bxf3 13. Qxf3 Qc8 14. h3 Nb4
15. Bb3 Nc6 16. Qg3 Nh5 17. Qf3 Nf6 18. Rad1 Na5 19. Ba4 c6 20. b4 Nc4 21. b5
Nb2 22. Rb1 Nxa4 23. Nxa4 cxb5 24. Rxb5 b6 25. c3 Qc4 26. Rb4 Qxa2 27. Re2 Qa1+
28. Kh2 a5 29. Rd4 Qb1 30. Bxd6 Qb5 31. Bxe7 Rxe7 32. e5 Rae8 33. Nb2 Rxe5 34.
Rxe5 Qxe5+ 35. g3 h6 36. Nd3 Qb8 37. Nf4 Qa8 38. Qd3 a4 39. Qd1 b5 40. Nd3 Re4
41. Qf3 Re8 42. Qd1 a3 43. Rb4 Rb8 44. Qa1 Qa5 45. c4 a2 46. c5 Nd5 47. Rg4 f6
48. Nf4 Nc3 49. Ne6 Rb7 50. c6 Rb8 51. Rxg7+ Kh8 52. Rg6 Nd5 53. Rxh6+ Kg8 54.
c7 Rc8 55. Rg6+ Kf7 56. Nf4 Qc3 57. Qxa2 Qc4 58. Qb2 Nc3 59. Rh6 Kg7 60. Rg6+
Kf7 61. h4 Rxc7 62. h5 Rc8 63. h6 Rg8 64. h7 Ra8 65. Rh6 Kg7 66. Rg6+ Kf7 67.
Qd2 Qc6 68. Rh6 Ra1 69. h8=N+ Kg7 70. Nh5+ Kg8 71. Qd8+ {Black resigns} 1-0

[Event "Team 45 45 League T34"]
[Site "Internet Chess Club"]
[Date "2007.08.26"]
[Round "6"]
[White "Russellovich"]
[Black "scottrugby"]
[Result "0-1"]
[WhiteElo "1671"]
[BlackElo "1588"]
[Opening "Sicilian: Hungarian variation"]
[ECO "B34"]
[Time "15:35:18"]
[TimeControl "2700+45"]

1. e4 c5 2. Nf3 g6 3. d4 cxd4 4. Nxd4 Nc6 5. Be3 Nf6 6. Nc3 Bg7 7. f3 d6 8. Bc4
a6 9. Qd2 O-O 10. O-O-O Ne5 11. Bb3 b5 12. h4 Nc4 13. Bxc4 bxc4 14. g4 h5 15.
gxh5 Nxh5 16. Bh6 Kh7 17. Bxg7 Kxg7 18. Nf5+ Bxf5 19. exf5 Ng3 20. Rhg1 Nxf5 21.
h5 Nh4 22. Qd4+ e5 23. Qg4 Rh8 24. hxg6 fxg6 25. Rh1 Qf6 26. Qd7+ Kg8 27. Rxd6
Qf4+ 28. Kb1 Qf7 29. Ne4 Qxf3 30. Rxg6+ Nxg6 31. Qd5+ Kg7 32. Qb7+ Qf7 33. Qxf7+
Kxf7 34. Rf1+ Nf4 35. Nd6+ Ke6 36. Nxc4 Rh2 37. Re1 Rah8 38. Nxe5 Kf5 39. Nd3
Rh1 40. Rc1 Ne2 41. b3 Nxc1 42. Nxc1 Rd1 43. Kb2 Rh2 44. a4 Kf4 45. Na2 Rdd2 46.
Nb4 a5 {White resigns} 0-1

[Event "Team 45 45 League T34"]
[Site "Internet Chess Club"]
[Date "2007.08.27"]
[Round "6"]
[White "chess-buddy"]
[Black "carolinaknight"]
[Result "1-0"]
[WhiteElo "1347"]
[BlackElo "1347"]
[Opening "French: advance, Milner-Barry gambit"]
[ECO "C02"]
[Time "19:56:04"]
[TimeControl "2700+45"]

1. e4 e6 2. d4 d5 3. e5 c5 4. c3 Qb6 5. Nf3 Nc6 6. Bd3 cxd4 7. cxd4 Bd7 8. O-O
Nge7 9. Nc3 Nf5 10. Bxf5 exf5 11. Nxd5 Qa5 12. Nf4 h6 13. d5 Nb4 14. e6 Bb5 15.
Ne5 Bxf1 16. exf7+ Ke7 17. d6+ Kd8 18. Ne6+ Kc8 19. d7+ {Black resigns} 1-0

[Event "Team 45 45 League T34"]
[Site "Internet Chess Club"]
[Date "2007.08.24"]
[Round "6"]
[White "WzeroMN"]
[Black "WCB"]
[Result "1-0"]
[WhiteElo "1223"]
[BlackElo "1021"]
[Opening "Ruy Lopez: closed defense"]
[ECO "C87"]
[Time "18:55:27"]
[TimeControl "2700+45"]

1. e4 e5 2. Nf3 Nc6 3. Bb5 a6 4. Ba4 Nf6 5. O-O Be7 6. Re1 Bc5 7. Bxc6 bxc6 8.
Nxe5 Qe7 9. Nd3 d6 10. Nxc5 dxc5 11. e5 Ng4 12. d4 O-O 13. h3 Nh6 14. Bxh6 gxh6
15. dxc5 Qxc5 16. Nc3 Bf5 17. Ne4 Rfd8 18. Nxc5 Rxd1 19. Rexd1 Bxc2 20. Rd7 Bf5
21. Rxc7 Re8 22. Re1 f6 23. f4 Rc8 24. Rxc8+ Bxc8 25. Nxa6 Bxa6 26. exf6 Bc4 27.
Re8+ Kf7 28. Re1 Kxf6 29. g3 h5 30. a4 Ba6 31. Rc1 Bb7 32. a5 Ke6 33. Ra1 Ba6
34. b4 h4 35. gxh4 Kf5 36. Rc1 Bb7 37. Rf1 Bc8 38. Kg2 Bb7 39. Kg3 Ba6 40. Re1
Kf6 41. Rd1 Ke6 42. Rd8 Ke7 43. Rh8 Bd3 44. Kg4 Kf6 45. Rd8 Bf5+ 46. Kg3 Ke7 47.
Rd1 Bc2 48. Rd2 Ba4 49. a6 c5 50. a7 Bc6 51. bxc5 h5 52. Ra2 Kd7 53. a8=Q Bxa8
54. Rxa8 Kc6 55. f5 Kxc5 56. f6 Kd6 57. f7 {Black resigns} 1-0

[Event "Team 45 45 League T34"]
[Site "Internet Chess Club"]
[Date "2007.08.26"]
[Round "6"]
[White "CLEAN"]
[Black "Mitch99"]
[Result "1-0"]
[WhiteElo "1217"]
[BlackElo "1253"]
[Opening "Queen's pawn"]
[ECO "A40"]
[Time "11:11:23"]
[TimeControl "2700+45"]

1. d4 e6 2. Nf3 d5 3. Nc3 c5 4. e3 Bd7 5. Bb5 Bxb5 6. Nxb5 Nc6 7. dxc5 Bxc5 8.
O-O Nf6 9. Nfd4 Ne5 10. Nf3 Nxf3+ 11. Qxf3 O-O 12. b3 Re8 13. Bb2 Be7 14. Be5
Ne4 15. Nc7 Nd2 16. Qg3 f6 17. Nxe6 Bf8 18. Nxd8 Nxf1 19. Kxf1 Rxe5 20. Nxb7 Rb8
21. Na5 Rc8 22. f4 Re4 23. c4 Bb4 24. Nb7 Rce8 25. Rd1 Rxe3 26. Qf2 R3e4 27.
cxd5 Rb8 28. Qxa7 Rxf4+ 29. Kg1 Re8 30. Rf1 Rfe4 31. h3 R8e7 32. d6 R7e5 33. d7
Be7 34. d8=Q+ Bxd8 35. Nxd8 Re2 36. Qf7+ Kh8 37. Qf8# {Black checkmated} 1-0

[Event "Team 45 45 League T34"]
[Site "Internet Chess Club"]
[Date "2007.08.26"]
[Round "6"]
[White "gagdad"]
[Black "tammany"]
[Result "0-1"]
[WhiteElo "1635"]
[BlackElo "1660"]
[Opening "Sicilian: Canal-Sokolsky attack, Sokolsky variation"]
[ECO "B52"]
[Time "20:01:32"]
[TimeControl "2700+45"]

1. e4 c5 2. Nf3 d6 3. Bb5+ Bd7 4. Bxd7+ Qxd7 5. c4 Nc6 6. Nc3 g6 7. d4 cxd4 8.
Nxd4 Bg7 9. Nde2 Nf6 10. O-O O-O 11. Be3 Qe6 12. Nd5 Qxe4 13. Nxf6+ Bxf6 14. Qb3
Na5 15. Qb4 Qxc4 16. Qxa5 Qxe2 17. Qd2 Qxd2 18. Bxd2 Rac8 19. Rac1 Rc6 20. Rxc6
bxc6 21. b3 c5 22. Rb1 Rb8 23. Bf4 a5 24. Rc1 Rb4 25. Bd2 Rb5 26. Rc4 e6 27. Ra4
Bd8 28. Kf1 d5 29. Ke2 e5 30. f3 f5 31. Kd3 Bc7 32. a3 Rxb3+ 33. Kc2 Rb5 {White
resigns} 0-1

[Event "Team 45 45 League T34"]
[Site "Internet Chess Club"]
[Date "2007.08.25"]
[Round "6"]
[White "mongmong"]
[Black "dougmo"]
[Result "1/2-1/2"]
[WhiteElo "1671"]
[BlackElo "1587"]
[Opening "Queen's pawn: Yusupov-Rubinstein system"]
[ECO "A40"]
[Time "02:57:41"]
[TimeControl "2700+45"]

1. d4 e6 2. Nf3 Nf6 3. e3 b6 4. Bd3 Bb7 5. Nbd2 Be7 6. O-O O-O 7. Qe2 d6 8. e4
Nbd7 9. Re1 e5 10. c3 c5 11. dxe5 dxe5 12. Nf1 Qc7 13. Bg5 h6 14. Bh4 Rfe8 15.
Rad1 Nf8 16. h3 Rad8 17. Bg3 Ng6 18. Bb5 Rf8 19. Bd3 Bd6 20. Nh4 Nxh4 21. Bxh4
Be7 22. f3 Nh5 23. Bxe7 Qxe7 24. Bb1 Nf4 25. Qc2 Qg5 26. Kh2 Ba6 27. g3 Ne6 28.
Qf2 Bc8 29. Ne3 Nc7 30. Bc2 Be6 31. a3 Rxd1 32. Rxd1 Rd8 33. h4 Qe7 34. Rd2 Rxd2
35. Qxd2 Qd7 36. Qxd7 Bxd7 37. Nc4 f6 38. Kg2 Kf8 39. Kf2 Ke7 40. Ke3 Ne8 41. f4
Nd6 42. Nxd6 Kxd6 43. Bd3 b5 44. b3 a6 45. b4 c4 46. Be2 g6 47. g4 Be8 48. g5
hxg5 49. fxg5 fxg5 50. hxg5 Bf7 51. Bg4 Be6 52. Bd1 Bd7 53. Kd2 Bc6 54. Bc2 Bd7
55. Kc1 Bc6 56. Kb2 Bd7 57. Kc1 Bc6 58. Kd2 Bd7 59. Ke3 Bc6 60. Bd1 Bd7 61. Bf3
Bc6 62. Bg4 Bd7 63. Bxd7 Kxd7 64. Kd2 Kd6 65. Kc2 Kc6 66. Kb2 Kb6 67. Ka2 Kc6
68. Kb2 Kb6 69. Kc2 Kc6 70. Kb2 Kb6 71. a4 Kc6 72. axb5+ axb5 73. Kc2 Kb6 74.
Kd2 {Game drawn by mutual agreement} 1/2-1/2

[Event "Team 45 45 League T34"]
[Site "Internet Chess Club"]
[Date "2007.08.25"]
[Round "6"]
[White "werty"]
[Black "pelayo"]
[Result "0-1"]
[WhiteElo "1448"]
[BlackElo "1693"]
[Opening "Colle system"]
[ECO "A46"]
[Time "10:11:55"]
[TimeControl "2700+45"]

1. d4 Nf6 2. Nf3 e6 3. e3 c5 4. c3 d5 5. Bd3 c4 6. Bc2 Bd6 7. Nbd2 O-O 8. O-O
Qc7 9. Re1 Nc6 10. e4 dxe4 11. Nxe4 Nxe4 12. Bxe4 f5 13. Bc2 b5 14. b3 Na5 15.
b4 Nc6 16. Ng5 Bxh2+ 17. Kf1 Rf6 18. g3 Bxg3 19. fxg3 Qxg3 20. Qf3 f4 21. Qxg3
fxg3+ 22. Kg2 Rf2+ 23. Kxg3 Rxc2 24. Nxe6 Rxc3+ 25. Kh4 Bxe6 26. Rxe6 Nxd4 27.
Re4 Nf3+ 28. Kg4 Rf8 29. Bb2 Nh2+ 30. Kh4 Rcf3 31. Re7 c3 32. Rg1 R8f4+ 33. Kh5
g6+ 34. Kh6 Rg4 {White resigns} 0-1

[Event "Team 45 45 League T34"]
[Site "Internet Chess Club"]
[Date "2007.08.27"]
[Round "6"]
[White "chaos-emporor"]
[Black "PrincessChess"]
[Result "1-0"]
[WhiteElo "1660"]
[BlackElo "1772"]
[Opening "Scotch: Meitner variation"]
[ECO "C45"]
[Time "20:02:54"]
[TimeControl "2700+45"]

1. e4 e5 2. d4 exd4 3. Nf3 Nc6 4. Nxd4 Bc5 5. Be3 Qf6 6. c3 Nge7 7. Nc2 Bb6 8.
Nba3 d6 9. Bxb6 axb6 10. Nb5 Kd8 11. Be2 Be6 12. O-O Kc8 13. Ncd4 h5 14. f4 Qh6
15. Nxc7 Kxc7 16. Nb5+ Kc8 17. Qxd6 {Black resigns} 1-0

[Event "Team 45 45 League T34"]
[Site "Internet Chess Club"]
[Date "2007.08.26"]
[Round "6"]
[White "OrangeKing"]
[Black "Lionskins"]
[Result "1/2-1/2"]
[WhiteElo "1788"]
[BlackElo "1452"]
[Opening "Réti opening"]
[ECO "A04"]
[Time "21:06:27"]
[TimeControl "2700+45"]

1. Nf3 c5 2. g3 Nc6 3. Bg2 e6 4. O-O h6 5. d4 Nf6 6. c4 cxd4 7. Nxd4 Ne5 8. b3
a6 9. Bb2 Qc7 10. e4 g5 11. Nf3 Bd6 12. Qd4 Nfg4 13. h3 Nxf3+ 14. Bxf3 Be5 15.
Qd2 Bxb2 16. Qxb2 Ne5 17. Be2 Rg8 18. Nd2 g4 19. hxg4 b6 20. f4 Qc5+ 21. Kg2 Qe3
22. Rae1 Nd3 23. Bxd3 Qxd3 24. Rf3 Qd6 25. Rh1 Bb7 26. Rxh6 Rxg4 27. Qh8+ Ke7
28. Qf6+ Kf8 29. Rh8+ Rg8 30. Rxg8+ Kxg8 31. Qg5+ Kf8 32. f5 Qe5 33. Qh6+ Ke7
34. f6+ Kd6 35. Rd3+ Kc7 36. Kf3 Qf5+ 37. Ke3 Qc5+ 38. Kf3 Qf5+ 39. Qf4+ Qxf4+
40. Kxf4 Rg8 41. Nf3 d6 42. Ng5 e5+ 43. Kg4 Bc8+ 44. Kh5 Rh8+ 45. Nh7 Rxh7+ 46.
Kg5 Rh3 47. b4 Be6 48. Rc3 Kc6 49. a4 a5 50. bxa5 bxa5 51. c5 dxc5 52. Rxc5+
Kxc5 53. g4 Kb4 {White stalemated} 1/2-1/2

[Event "Team 45 45 League T34"]
[Site "Internet Chess Club"]
[Date "2007.08.25"]
[Round "6"]
[White "nanning"]
[Black "Bedouksofhazzar"]
[Result "1-0"]
[WhiteElo "1556"]
[BlackElo "1773"]
[Opening "Dutch"]
[ECO "A80"]
[Time "08:29:24"]
[TimeControl "2700+45"]

1. d4 f5 2. Nc3 Nf6 3. Bg5 e6 4. e4 fxe4 5. Nxe4 Be7 6. Bd3 Nxe4 7. Bxe7 Qxe7 8.
Bxe4 O-O 9. Qd3 g6 10. Nf3 d5 11. Bxg6 hxg6 12. h4 Qf7 13. O-O-O Qf5 14. Qd2 Qf4
15. h5 gxh5 16. Rxh5 Qxd2+ 17. Kxd2 Rf5 18. Rh6 Kf7 19. Rdh1 Ke8 20. Rh8+ Kd7
21. R1h7+ Kc6 22. Rxc8 b6 23. Rcxc7+ Kb5 24. Rxa7 Rxa7 25. Rxa7 Nc6 26. a4+ Kb4
27. Rc7 Na5 28. b3 b5 29. axb5 Kxb5 30. Re7 Rf6 31. Ke3 Nc6 32. Re8 Nb4 33. Ne1
Nc6 34. g4 e5 35. dxe5 d4+ 36. Ke2 Rf4 37. f3 Nb4 38. e6 Nd5 39. e7 Nc7 40. Rb8+
Kc6 41. e8=Q+ {Black resigns} 1-0

[Event "Team 45 45 League T34"]
[Site "Internet Chess Club"]
[Date "2007.08.26"]
[Round "6"]
[White "CSCARChaplain"]
[Black "AngryPirate"]
[Result "0-1"]
[WhiteElo "657"]
[BlackElo "1573"]
[Opening "French: exchange variation"]
[ECO "C01"]
[Time "13:00:05"]
[TimeControl "2700+45"]

1. e4 e6 2. d4 d5 3. exd5 exd5 4. Nf3 Nf6 5. Nc3 Bb4 6. Bd2 O-O 7. Bd3 Re8+ 8.
Be2 Bg4 9. O-O Nc6 10. Re1 Bxf3 11. Bxf3 Nxd4 12. Rxe8+ Qxe8 13. Nxd5 Nxf3+ 14.
Qxf3 Bxd2 15. Rd1 Nxd5 16. Qxd5 Rd8 17. Qf3 Qc6 18. Qxc6 bxc6 19. Kf1 Rd6 20.
Ke2 Bh6 21. Rxd6 cxd6 22. c4 Kf8 23. Kd3 Ke7 24. b4 a6 25. Kd4 Bg5 26. b5 axb5
27. cxb5 cxb5 28. Kc3 Kd7 29. Kb4 Kc6 30. Ka5 Kc5 31. Ka6 d5 32. Ka5 d4 {White
resigns} 0-1

[Event "Team 45 45 League T34"]
[Site "Internet Chess Club"]
[Date "2007.08.23"]
[Round "6"]
[White "bmw2002"]
[Black "frankd"]
[Result "1-0"]
[WhiteElo "1719"]
[BlackElo "1725"]
[Opening "English: Anglo-Dutch defense"]
[ECO "A10"]
[Time "22:05:09"]
[TimeControl "2700+45"]

1. c4 f5 2. g3 g6 3. Bg2 Bg7 4. Nf3 d6 5. O-O e5 6. d3 Nc6 7. Nc3 Nf6 8. Rb1 O-O
9. b4 h6 10. b5 Ne7 11. Nd2 g5 12. Qb3 Ng6 13. c5+ Kh8 14. cxd6 cxd6 15. a4 f4
16. Nde4 Ne8 17. Ba3 Qe7 18. Qb4 Rf7 19. Nd5 Qe6 20. Nxd6 Nxd6 21. Qxd6 Bf8 22.
Qxe6 Bxe6 23. Rfc1 Bxa3 24. Rc3 Bd6 25. Rbc1 Raf8 26. Nc7 Bxc7 27. Rxc7 fxg3 28.
fxg3 h5 29. Rxb7 Rxb7 30. Bxb7 h4 31. Be4 Kg7 32. Rc7+ Rf7 33. Rc6 Nf8 34. a5
Bd7 35. Rc5 Re7 36. b6 axb6 37. axb6 Re6 38. b7 Rb6 39. Rxe5 Kf6 40. Ra5 Bh3 41.
Ra8 Nd7 42. Rd8 Ke7 43. Rg8 Nc5 44. b8=Q Rxb8 45. Rxb8 Nxe4 46. dxe4 hxg3 47.
hxg3 Bg4 48. Kf2 Ke6 49. e3 Ke5 50. Re8+ Kf6 51. e5+ Kf7 52. Rb8 Ke6 53. Rb5 Bf5
54. Kf3 Bd3 55. Ra5 Bf5 56. e4 Bg6 57. Ke3 Bh5 58. Kd4 Bf3 59. Ra6+ Ke7 60. Kd5
{Black resigns} 1-0

[Event "Team 45 45 League T34"]
[Site "Internet Chess Club"]
[Date "2007.08.25"]
[Round "6"]
[White "jacknor"]
[Black "Luckydawg"]
[Result "1-0"]
[WhiteElo "1599"]
[BlackElo "1685"]
[Opening "Pirc defense"]
[ECO "B07"]
[Time "08:33:02"]
[TimeControl "2700+45"]

1. d4 d6 2. e4 Nf6 3. Nc3 g6 4. Bd3 Bg7 5. Nge2 O-O 6. f3 Nc6 7. Be3 a6 8. Qd2
b5 9. a3 e5 10. d5 Ne7 11. Bh6 Bb7 12. O-O Ne8 13. Bxg7 Nxg7 14. f4 f5 15. Ng3
Qd7 16. Rad1 Rf7 17. fxe5 dxe5 18. exf5 Ngxf5 19. Nxf5 Nxf5 20. Bxf5 Rxf5 21.
Qe2 Raf8 22. Rxf5 Rxf5 23. Qd3 Rg5 24. Ne4 Rf5 25. Nc5 Qd6 26. Nxb7 Qb6+ 27. Kh1
Qxb7 28. h3 Qb6 29. c4 bxc4 30. Qxc4 Rf4 31. Qc6 Qxc6 32. dxc6 Rc4 33. Rd8+ Kf7
34. Rd7+ Ke6 35. Rxc7 h6 36. Rh7 Rxc6 37. Rxh6 Kd5 38. Rh4 Rc4 39. Rh6 Rc6 40.
Rh8 Kc4 41. Re8 Kd5 42. Rd8+ Rd6 43. Rxd6+ Kxd6 44. Kg1 Kd5 45. h4 Ke4 46. Kf2
Kf4 47. b4 e4 48. a4 Kg4 49. b5 {Black resigns} 1-0

[Event "Team 45 45 League T34"]
[Site "Internet Chess Club"]
[Date "2007.08.27"]
[Round "6"]
[White "Zyme"]
[Black "PRO-CHESS"]
[Result "0-1"]
[WhiteElo "1422"]
[BlackElo "1575"]
[Opening "QGD: Marshall defense"]
[ECO "A50"]
[Time "19:07:58"]
[TimeControl "2700+45"]

1. d4 Nf6 2. c4 d5 3. cxd5 Nxd5 4. Nf3 h6 5. e4 Nf6 6. Nc3 e6 7. Be2 Bb4 8. Qc2
b6 9. a3 Bxc3+ 10. bxc3 O-O 11. O-O Bb7 12. Bd3 c5 13. dxc5 bxc5 14. Rb1 Ba6 15.
Bxa6 Nxa6 16. Bf4 Nh7 17. Rfd1 Qf6 18. Be3 c4 19. Rb7 Ng5 20. Nxg5 hxg5 21. Rd6
Rab8 22. Rxb8 Nxb8 23. Bxa7 Qe7 24. Bxb8 Rxb8 25. Rd4 Qxa3 26. h3 Rb3 27. Rd8+
Kh7 28. Rd7 Rb2 29. e5+ Rxc2 {White resigns} 0-1

[Event "Team 45 45 League T34"]
[Site "Internet Chess Club"]
[Date "2007.08.26"]
[Round "6"]
[White "alaskauk"]
[Black "crag"]
[Result "1/2-1/2"]
[WhiteElo "1511"]
[BlackElo "1404"]
[Opening "Ruy Lopez: exchange variation"]
[ECO "C68"]
[Time "09:56:21"]
[TimeControl "2700+45"]

1. e4 e5 2. Nf3 Nc6 3. Bb5 a6 4. Bxc6 dxc6 5. h3 Nf6 6. d3 Bc5 7. O-O Qd6 8.
Nbd2 O-O 9. Nc4 Qe6 10. Qe2 Bd4 11. Nxd4 exd4 12. Bf4 Qe7 13. Rae1 b5 14. Na5 c5
15. Qf3 Be6 16. e5 Nd5 17. Qg3 Nxf4 18. Qxf4 Rfe8 19. Nb3 Bxb3 20. axb3 f6 21.
exf6 Qxf6 22. Qxc7 Rac8 23. Rxe8+ Rxe8 24. Qxc5 Re2 25. Qd5+ Kf8 26. Qa8+ Kf7
27. Qb7+ Kg6 28. Qc8 h5 29. Qc7 Qg5 30. Qc6+ Kh7 31. Qf3 Rxc2 32. Qe4+ Qg6 33.
Qxd4 Rd2 34. Re1 Qxd3 35. Qxd3+ Rxd3 36. Re3 Rd2 37. Re6 Rxb2 38. Rxa6 Rxb3 39.
Kh2 b4 40. Rb6 Rb2 41. Kg3 Kg8 42. Rb7 g6 43. h4 b3 44. Kf3 Kf8 45. g4 hxg4+ 46.
Kxg4 Rxf2 47. Kg5 b2 48. Kxg6 Rg2+ 49. Kf6 Rf2+ 50. Kg5 Rg2+ 51. Kf6 Rf2+ 52.
Kg6 Rg2+ 53. Kh6 Rh2 54. Kh5 Rf2 55. Kg5 Rg2+ 56. Kf6 Rf2+ 57. Kg5 {Game drawn
by repetition} 1/2-1/2

[Event "Team 45 45 League T34"]
[Site "Internet Chess Club"]
[Date "2007.08.23"]
[Round "6"]
[White "viking99"]
[Black "joshua9"]
[Result "1-0"]
[WhiteElo "1891"]
[BlackElo "1637"]
[Opening "Sicilian: Prins (Moscow) variation"]
[ECO "B55"]
[Time "15:59:53"]
[TimeControl "2700+45"]

1. e4 c5 2. Nf3 d6 3. d4 cxd4 4. Nxd4 Nf6 5. f3 Nc6 6. c4 g6 7. Nc3 a6 8. Be3
Bd7 9. Be2 Bg7 10. O-O O-O 11. Rc1 Nxd4 12. Bxd4 Rc8 13. Qd3 Bc6 14. b4 Ne8 15.
b5 axb5 16. cxb5 Bxd4+ 17. Qxd4 Bd7 18. a4 Nc7 19. b6 Ne6 20. Qb4 Nc5 21. a5 e6
22. Rfd1 Qg5 23. Ra1 Qe3+ 24. Kf1 Na6 25. Bxa6 Rxc3 26. Qd4 Qxd4 27. Rxd4 bxa6
28. Rxd6 Bb5+ 29. Kf2 Rfc8 30. Rad1 Kg7 31. Rd8 Kf6 32. b7 R8c7 33. b8=Q R3c5
34. R1d2 h5 35. R8d6 Rc1 36. h4 Kg7 37. Qb6 R1c5 38. Rb2 Rc4 39. Rxb5 axb5 40.
a6 Rc2+ 41. Kg3 R7c3 42. a7 Ra3 43. Rd8 Raa2 44. Qd4+ f6 45. Qd7+ {Black
resigns} 1-0

[Event "Team 45 45 League T34"]
[Site "Internet Chess Club"]
[Date "2007.08.26"]
[Round "6"]
[White "jjmolina"]
[Black "rubashov"]
[Result "1-0"]
[WhiteElo "1593"]
[BlackElo "1598"]
[Opening "Sicilian: Taimanov variation"]
[ECO "B46"]
[Time "13:55:09"]
[TimeControl "2700+45"]

1. e4 c5 2. Nf3 e6 3. d4 cxd4 4. Nxd4 Nc6 5. Nc3 a6 6. Be2 Nf6 7. O-O Be7 8. Bf3
Qc7 9. g3 O-O 10. Re1 e5 11. Nf5 Bb4 12. Bd2 g6 13. Ne3 Ne7 14. a3 Bc5 15. b4
Ba7 16. b5 d6 17. a4 Bd7 18. Rb1 Bxe3 19. Rxe3 b6 20. Rd3 a5 21. Bg5 Kg7 22. Qd2
Neg8 23. Rxd6 Be6 24. Rc6 Qb7 25. Be3 Nd7 26. Nd5 Bxd5 27. exd5 Ne7 28. Bh6+
{Black resigns} 1-0

[Event "Team 45 45 League T34"]
[Site "Internet Chess Club"]
[Date "2007.08.27"]
[Round "6"]
[White "OOB1"]
[Black "Shereshevsky"]
[Result "1-0"]
[WhiteElo "1545"]
[BlackElo "1453"]
[Opening "Four knights: Scotch, 4...exd4"]
[ECO "C47"]
[Time "21:06:39"]
[TimeControl "2700+45"]

1. e4 e5 2. Nf3 Nc6 3. Nc3 Nf6 4. d4 exd4 5. Nxd4 d6 6. Nf3 Be7 7. Bd3 Be6 8.
Bb5 O-O 9. Bxc6 bxc6 10. O-O Rb8 11. b3 Nd7 12. Nd4 Bf6 13. Nxc6 Qc8 14. Nxb8
Qxb8 15. Bb2 Qb4 16. a3 Qc5 17. Na4 Qg5 18. Bxf6 Nxf6 19. Qf3 Bg4 20. Qd3 Re8
21. Rfe1 Qg6 22. Nc3 Bd7 23. Re2 Bc6 24. Rae1 a6 25. a4 Re5 26. f4 Rh5 27. Qg3
Ng4 28. h3 Bd7 29. hxg4 Bxg4 30. Re3 Rh4 {Black resigns} 1-0

[Event "Team 45 45 League T34"]
[Site "Internet Chess Club"]
[Date "2007.08.27"]
[Round "6"]
[White "kabubi"]
[Black "Mfalme"]
[Result "1-0"]
[WhiteElo "1242"]
[BlackElo "1327"]
[Opening "Philidor's defense"]
[ECO "C41"]
[Time "20:55:06"]
[TimeControl "2700+45"]

1. e4 e5 2. Nf3 d6 3. Bc4 h6 4. Nc3 c6 5. d4 exd4 6. Nxd4 Qe7 7. O-O c5 8. Ndb5
a6 9. Nxd6+ Qxd6 10. Bxf7+ Kxf7 11. Qf3+ Nf6 12. Rd1 Qe5 13. Bf4 Qe6 14. e5 g5
15. Bg3 g4 16. Qf4 Bg7 17. Rd6 Qf5 18. exf6 Bxf6 19. Qc4+ Be6 20. Nd5 Nd7 21.
Rd1 b5 22. Qe2 Bxb2 23. Nc7 Bc4 24. Rxd7+ Kg6 25. R1d6+ Kg5 26. Qe3+ Kh5 27. Nd5
Bd4 28. Nf4+ Kg5 29. h4+ gxh3 30. Nxh3+ Kh5 31. Nf4+ Kg4 32. Qf3+ Kg5 33. Nh3+
{Black resigns} 1-0

[Event "Team 45 45 League T34"]
[Site "Internet Chess Club"]
[Date "2007.08.25"]
[Round "6"]
[White "Razorbackchess"]
[Black "A-Ru"]
[Result "0-1"]
[WhiteElo "1868"]
[BlackElo "1939"]
[Opening "English opening"]
[ECO "A13"]
[Time "19:24:38"]
[TimeControl "2700+45"]

1. c4 e6 2. g3 d5 3. Bg2 c6 4. Nf3 dxc4 5. O-O b5 6. a4 Bb7 7. b3 cxb3 8. Qxb3
a6 9. axb5 cxb5 10. d4 Nf6 11. Nc3 Nbd7 12. Rd1 Be7 13. Ba3 O-O 14. Ne5 Bxg2 15.
Kxg2 Bxa3 16. Qxa3 Nb6 17. e4 Qc7 18. Rdc1 Qb7 19. f3 Rfc8 20. Rc2 Nc4 21. Nxc4
Rxc4 22. Qb2 Rac8 23. Rac1 Qc6 {White resigns} 0-1

[Event "Team 45 45 League T34"]
[Site "Internet Chess Club"]
[Date "2007.08.26"]
[Round "6"]
[White "ivanson"]
[Black "rubo"]
[Result "1/2-1/2"]
[WhiteElo "1872"]
[BlackElo "1713"]
[Opening "Caro-Kann: classical, Spassky variation"]
[ECO "B19"]
[Time "16:01:55"]
[TimeControl "2700+45"]

1. e4 c6 2. d4 d5 3. Nc3 dxe4 4. Nxe4 Bf5 5. Ng3 Bg6 6. h4 h6 7. Nf3 Nd7 8. h5
Bh7 9. Bd3 Bxd3 10. Qxd3 e6 11. Bf4 Ngf6 12. O-O-O Be7 13. Ne4 Nxe4 14. Qxe4 Nf6
15. Qe2 Bd6 16. Ne5 Qc7 17. Kb1 O-O-O 18. c4 Bxe5 19. dxe5 Rxd1+ 20. Rxd1 Nd7
21. Bh2 c5 22. f4 Nb8 23. g4 Rd8 24. Rxd8+ Qxd8 25. Bg1 b6 26. Kc1 Nc6 27. Qe4
Kc7 28. a3 Qh4 29. Qe2 Qh1 30. Qh2 Qe4 31. b3 Qf3 32. Qd2 Na5 33. Qd6+ Kb7 34.
Qd7+ Ka6 35. Qb5+ Kb7 36. Qd7+ Ka6 37. Qb5+ Kb7 38. Qd7+ Kb8 39. Qd8+ Kb7 40.
Qd7+ Kb8 {Game drawn by mutual agreement} 1/2-1/2

[Event "Team 45 45 League T34"]
[Site "Internet Chess Club"]
[Date "2007.08.26"]
[Round "6"]
[White "Changuito-77"]
[Black "mickeys"]
[Result "1-0"]
[WhiteElo "1808"]
[BlackElo "1662"]
[Opening "French: advance variation"]
[ECO "C02"]
[Time "15:01:06"]
[TimeControl "2700+45"]

1. e4 e6 2. d4 d5 3. e5 c5 4. c3 cxd4 5. cxd4 Bd7 6. Nf3 Nc6 7. a3 a5 8. Be3
Nge7 9. Bd3 Qb6 10. Qd2 Ng6 11. Nc3 Be7 12. Rc1 O-O 13. h4 f5 14. exf6 gxf6 15.
h5 Nh8 16. g4 Nf7 17. Qc2 f5 18. gxf5 exf5 19. Bxf5 Bxf5 20. Qxf5 Qd8 21. Nxd5
Ng5 22. Nxe7+ Qxe7 23. Qxg5+ Qxg5 24. Nxg5 Rae8 25. Kd1 Rf5 26. Rc5 Rf6 27. h6
Rd6 28. Rg1 Rg6 29. Nf3 Rf8 30. Rxg6+ hxg6 31. Ne5 Ne7 32. Rc7 Nf5 33. h7+ Kh8
34. Nxg6# {Black checkmated} 1-0